 Dungeon Crawl Stone Soup version 0.31-a0-219-g8d62b2e7bb (webtiles) character file.

Game seed: 16273870170464318900

51 Anon1729 the Ducker (level 3, -5/26 HPs)
             Began as an Octopode Monk on July 3, 2023.
             Killed by divine providence
             ... invoked by an orc priest
              (15 damage)
             ... on level 2 of the Dungeon.
             The game lasted 00:02:34 (878 turns).

Anon1729 the Ducker (Octopode Monk)                  Turns: 878, Time: 00:02:35

Health: -5/26      AC:  1    Str: 10    XL:     3   Next: 81%
Magic:  3/3        EV: 14    Int: 14    God:
Gold:   17         SH:  0    Dex: 14    Spells: 2/2 levels left

rFire   . .          .
                       - Unarmed
rCold   . . .        (no shield)
rNeg    + . .        (helmet restricted)
rPois   +            (no amulet)
rElec   .            i - ring of positive energy
rCorr   .            n - ring of poison resistance
SInv    .            (no ring)
Will    .....        (no ring)
Stlth   +++          (no ring)
HPRegen 0.24/turn    (no ring)
MPRegen 0.08/turn    (no ring)
                     (no ring)

%: no passive effects
@: no status effects
A: almost no armour, amphibious, 8 rings, camouflage 1, gelatinous body 1,
(nimble swimmer 1), tentacles
a: no special abilities


You were on level 2 of the Dungeon.
You visited 1 branch of the dungeon, and saw 2 of its levels.

You collected 92 gold pieces.
You spent 75 gold pieces at shops.

Inventory:

Hand Weapons
 d - a +0 spear
Missiles
 f - 4 poisoned darts
 m - 23 stones
Armour
 b - an orb of light
Jewellery
 i - a ring of positive energy (left tentacle)
 n - a ring of poison resistance (right tentacle)
 r - the amulet of Elemental Vulnerability {rPois rF-- rC-- AC+8}
   (You found it on level 2 of the Dungeon)

   [amulet of nothing]

   AC:        It affects your AC (+8).
   rF:        It makes you very vulnerable to fire.
   rC:        It makes you very vulnerable to cold.
   rPois:     It protects you from poison.
Scrolls
 c - 2 scrolls of amnesia {unknown}
 e - 2 scrolls of identify {unknown}
 o - a scroll of vulnerability {unknown}
 q - a scroll of poison {unknown}
 s - a scroll of fog {unknown}
Potions
 a - 3 potions of ambrosia
 g - a potion of berserk rage {unknown}
 h - 3 potions of curing {unknown}
 j - a potion of mutation {unknown}
 k - a potion of enlightenment {unknown}
 l - a potion of degeneration {unknown}
 p - a potion of might {unknown}


   Skills:
 + Level 3.4 Fighting
 + Level 3.5 Dodging
 + Level 2.1 Stealth
 + Level 3.4 Unarmed Combat


You had 2 spell levels left.
You didn't know any spells.
Your spell library contained the following spells:

 Spells                   Type           Power      Damage    Failure   Level
 Summon Small Mammal      Summ           0%         N/A       28%         1
 Call Canine Familiar     Summ           0%         N/A       65%         3
 Summon Guardian Golem    Hex/Summ       0%         N/A       65%         3


Dungeon Overview and Level Annotations

Branches:
Dungeon (2/15)

Altars:
Nemelex Xobeh

Shops:
D:2 *


Innate Abilities, Weirdness & Mutations

You cannot wear most types of armour.
You are amphibious.
You can wear up to eight rings at the same time.
Your skin changes colour to match your surroundings (Stealth+).
Your rubbery body absorbs attacks. (AC +1, EV +1)
((You are camouflaged when in or above water. (Stealth+)))
You have tentacles for arms and can constrict up to eight enemies at once.


Message History

You tentacle-slap the kobold.
The kobold is severely wounded.
You constrict the kobold, but do no damage.
The kobold hits you with a +0 whip.
You tentacle-slap the kobold but do no damage.
The kobold is severely wounded.
You constrict the kobold, but do no damage.
The kobold misses you.
You tentacle-slap the kobold.
You kill the kobold!
No target in view!
There is an open door here.
You see here a +0 whip.
An orc comes into view. It is wielding a +0 club.
An orc is nearby!
The orc shouts!
You hear a shout!
An orc priest comes into view. It is wielding a +0 whip.
An orc comes into view. It is wielding a +0 dagger.
The orc shouts!
You tentacle-slap the orc. Your grab misses the orc.
The orc is moderately wounded.
The orc hits you with a +0 club.
You tentacle-slap the orc. You grab the orc.
The orc is severely wounded.
You constrict the orc, but do no damage.
You tentacle-slap the orc.
You kill the orc!
The orc priest mumbles some strange prayers to Beogh against you.
You are unaffected.
Things that are here:
a +0 club; a +0 robe; an orc corpse The orc priest invokes the aid of Beogh against you.
Beogh smites you!
Ouch! That really hurt!
The orc priest calls down the wrath of Beogh upon you.
Pain shoots through your body!
The orc priest invokes the aid of Beogh against you.
Beogh smites you!
Ouch! That really hurt!
You die...

....)(....#.#
.....#......# .....o...#
#......# #..)...#
#.o.$..# ...#####o.....#
..............# #######
...##.#@####### #......
.. #.# #...<.. ##+##)###
#...... #.......#
#...... #...†...#####
#...... #...).......#
#......
#...........####......
..................)...).
..................†.)...


You could see an orc priest and 2 orcs.

Vanquished Creatures
  An adder (D:2)
  A worm (D:2)
  A dart slug (D:2)
  An orc (D:2)
  2 ball pythons (D:1)
  An endoplasm (D:2)
  3 giant cockroaches
  2 hobgoblins (D:2)
  A quokka (D:1)
  5 bats
  2 frilled lizards
  4 goblins
  8 kobolds
  3 rats
35 creatures vanquished.

Notes
Turn   | Place    | Note
-------+----------+-------------------------------------------
     0 | D:1      | Anon1729 the Octopode Monk began the quest for the Orb.
     0 | D:1      | Reached XP level 1. HP: 16/16 MP: 1/1
   164 | D:1      | Reached skill level 1 in Stealth
   164 | D:1      | Reached XP level 2. HP: 19/21 MP: 2/2
   621 | D:2      | Reached XP level 3. HP: 21/26 MP: 3/3
   655 | D:2      | Found Qiduj's Assorted Antiques.
   668 | D:2      | Bought a scroll labelled ZUUDWULLAKK for 27 gold pieces
   668 | D:2      | Bought a smoky dark potion for 24 gold pieces
   668 | D:2      | Bought a brown potion for 24 gold pieces
   717 | D:2      | Found the amulet of Elemental Vulnerability {rPois rF--
                  | rC-- AC+8}
   800 | D:2      | Found a sparkling altar of Nemelex Xobeh.
   878 | D:2      | Killed from afar by an orc priest

Illustrated notes

Levels and vault maps discovered:
D:1:      dpeg_arrival_simpleton_b, layout_rooms, chequers_avenue
D:2:      layout_basic, serial_shops, shop, basic_altar,
          kennysheep_generic_room_14

Skill      XL: |  1  2  3 |
---------------+----------+-----
Stealth        | 1 2 |  2.1
Fighting       | |  3.4
Dodging        | |  3.5
Unarmed Combat | |  3.4

Action                     || total
---------------------------++-------
  Melee: Unarmed           ||    66
         Constrict         ||    20
         Tentacles         ||    15
         Punch             ||     2
   Stab: Sleeping          ||     4
 Armour: Skin              ||     1
  Dodge: Dodged            ||    30

Table legend: (Time is in decaauts)
 A = Elapsed time spent in this place.
 B = Non-inter-level travel time spent in this place.
 C = Inter-level travel time spent in this place.
 D = Time resting spent in this place.
 E = Time spent auto-exploring this place.
 F = Levels seen in this place.
 G = Mean time per level.
                   A        B        C        D        E       F      G
               +--------+--------+--------+--------+--------+-----+--------+
         Total |    872 |    833 |     39 |     17 |    565 |   2 |  436.0 |
       Dungeon |    872 |    833 |     39 |     17 |    565 |   2 |  436.0 |
               +--------+--------+--------+--------+--------+-----+--------+

Top non-repeatable levels by time:
     D:1: 547 daAuts
     D:2: 324 daAuts
